 Dungeon Crawl Stone Soup version 0.14-a0-1637-gd423c14 (webtiles) character file.

13470 Ololoev the Necromancer (level 11, -5/68 HPs)
             Began as a Demonspawn Necromancer on Dec 27, 2013.
             Was an Elder of Kikubaaqudgha.
             Shot with a bolt by an orc knight (18 damage)
             ... on Level 4 of the Orcish Mines.
             The game lasted 01:51:34 (14654 turns).

Ololoev the Necromancer (Demonspawn Necromancer)   Turns: 14654, Time: 01:51:34

HP  -5/68        AC 16     Str  9      XL: 11   Next: 66%
MP   8/29        EV 12     Int 19      God: Kikubaaqudgha [****..]
Gold 738         SH  8     Dex 14      Spells:  7 memorised,  7 levels left

rFire  . . .     SeeInvis +     w - +3,+6 trident (protect)
rCold  + + .     Clarity  .     y - +2 leather armour {rC+}
rNeg   . . .     Conserve .     a - +0 buckler
rPois  .         rCorr    .     F - +0 cap
rElec  .         rRot     +     x - +2 cloak {MR+}
SustAb . .       Spirit   .     g - +2 pair of elf gloves
rMut   .         Warding  .     (no boots)
Saprov + . .     Stasis   .     (no amulet)
                                o - ring of see invisible
                                r - ring of protection from cold

@: very slightly contaminated, quite resistant to hostile enchantments,
unstealthy
A: hooves 2, repulsion field 1, blink 1, foul stench 1, powered by death 1,
saprovore 1, slow metabolism 1, spit poison 1
a: Spit Poison, Blink, Receive Corpses, Renounce Religion


You were on level 4 of the Orcish Mines.
You worshipped Kikubaaqudgha.
Kikubaaqudgha was greatly pleased with you.
You were hungry.

You visited 4 branches of the dungeon, and saw 17 of its levels.

You collected 965 gold pieces.
You spent 227 gold pieces at shops.

Inventory:

Hand weapons
 w - a +3,+6 trident of protection (weapon)
Armour
 a - a +0 buckler (worn)
 g - a +2 pair of elven gloves (worn)
 x - a +2 cloak of magic resistance (worn)
 y - a +2 leather armour of cold resistance (worn)
 F - a +0 cap (worn)
Comestibles
 l - a meat ration
 m - 3 rotting chunks of orc flesh
 n - a pear
Scrolls
 f - 2 scrolls of identify
 i - a scroll of remove curse
 k - 4 scrolls of teleportation
 s - a scroll of recharging {unknown}
 t - 3 scrolls of amnesia
 u - 2 scrolls of fog {unknown}
 z - a scroll of curse weapon {unknown}
 D - a scroll of magic mapping {unknown}
 E - 3 scrolls of blinking {unknown}
 H - a scroll of silence {unknown}
 I - a scroll of vulnerability {unknown}
 N - 2 scrolls of summoning {unknown}
 P - a scroll of brand weapon {unknown}
Jewellery
 o - a ring of see invisible (right hand)
 r - a ring of protection from cold (left hand)
Potions
 c - a potion of restore abilities
 e - a potion of speed {unknown}
 h - 2 potions of brilliance
 B - 2 potions of curing
 G - 3 potions of resistance
 J - a potion of lignification {unknown}
 M - 4 potions of might {unknown}
 O - a potion of berserk rage {unknown}
Books
 b - a book of Necromancy

   Spells                             Type                      Level
   *Pain                              Necromancy                   1
   Animate Skeleton                   Necromancy                   1
   Lethal Infusion                    Charms/Necromancy            2
   *Vampiric Draining                 Necromancy                   3
   *Regeneration                      Charms/Necromancy            3
   *Animate Dead                      Necromancy                   4
   Control Undead                     Necromancy                   4
 d - Kikubaaqudgha's Papyrus of Stolen Souls
   (Kikubaaqudgha gifted it to you on level 11 of the Dungeon)

   Spells                             Type                      Level
   *Animate Dead                      Necromancy                   4
   Excruciating Wounds                Charms/Necromancy            5
   Bolt of Draining                   Conjuration/Necromancy       5
   *Dispel Undead                     Necromancy                   5
   *Twisted Resurrection              Necromancy                   5
 K - a book of Hinderance

   Spells                             Type                      Level
   Confusing Touch                    Hexes                        1
   Slow                               Hexes                        2
   Confuse                            Hexes                        3
   Petrify                            Transmutation/Earth          4
   Leda's Liquefaction                Hexes/Earth                  4
   Metabolic Englaciation             Hexes/Ice                    6
 L - Kikubaaqudgha's Collected Works on Evil
   (Kikubaaqudgha gifted it to you on level 7 of the Dungeon)

   Spells                             Type                      Level
   Animate Skeleton                   Necromancy                   1
   Corpse Rot                         Necromancy                   2
   *Sublimation of Blood              Necromancy                   2
   *Vampiric Draining                 Necromancy                   3
   Control Undead                     Necromancy                   4


   Skills:
 - Level 1.7 Dodging
 - Level 1.7 Stealth
 - Level 1.1 Shields
 + Level 10.0 Spellcasting
 + Level 16.3 Necromancy


You had 7 spell levels left.
You knew the following spells:

 Your Spells              Type           Power        Failure   Level  Hunger
a - Pain                  Necr           ####         0%          1    None
b - Animate Dead          Necr           N/A          1%          4    ##.....
c - Vampiric Draining     Necr           ######....   1%          3    None
d - Sublimation of Blood  Necr           ######....   1%          2    None
e - Dispel Undead         Necr           ######..     1%          5    ####...
f - Twisted Resurrection  Necr           ######....   1%          5    ####...
g - Regeneration          Chrm/Necr      #####.....   1%          3    None


Dungeon Overview and Level Annotations

Branches:
Dungeon (11/16)            Temple (1/1) D:6             Orc (4/4) D:11
    Elf (0/3) Orc:4          Lair (1/8) D:10

Altars:
Ashenzari
Cheibriados
Elyvilon
Fedhas
Kikubaaqudgha
Makhleb
Okawaru
Sif Muna
Trog
Vehumet
Xom
Yredelemnul
Zin
the Shining One

Shops:
D:9 ?   D:10 !


Innate Abilities, Weirdness & Mutations

You have hoof-like feet.
You are surrounded by a mild repulsion field (EV +2).
You emit a foul stench, and are resistant to rotting and decay.
You can steal the life force of nearby defeated enemies.
You can tolerate rotten meat.
You can translocate small distances at will.
You have a slow metabolism.
You can spit poison.


Message History

You feel life coursing into your body.
The orc shoots a bolt.
The bolt hits you!
The orc warrior shoots a bolt.
The bolt misses your large abomination.
The bolt hits the orc.
The orc dies!
The orc knight shoots a bolt.
The bolt hits you!
* * * LOW HITPOINT WARNING * * *
Your large abomination closely misses the orc warrior.
The orc shoots a bolt.
You block the bolt.
Read which item? (? for menu, Esc to quit)
As you read the scroll of fear, it crumbles to dust.
You assume a fearsome visage.
The orc warrior looks frightened!
The orc knight looks frightened!
The orc looks frightened!
The orc warrior looks frightened!
The orc looks frightened!
The orc warrior looks frightened!
Your ogre zombie is unaffected.
Your large abomination is unaffected.
Your large abomination is unaffected.
Your large abomination hits the orc warrior!
The orc knight turns to fight!
The orc knight shoots a bolt.
The bolt hits you!
You die...
Kikubaaqudgha rasps: "You have failed me!
Welcome... death!"

. ........... ....
.........## ....
..........
.##..##........##
.......##........#
........#Z.......#
.....oo)(XZ(..(..#
≈≈≈....X)#X.(...)##
≈≈≈≈o.))@#(.((....#
...oX.(.((X...(...#
oo.o...X.........#
≈≈≈.....#....#...#
≈≈......#..(.(...#
.........()....##
.......#..#....##
......##........#
..##..##).)#.#..##


You could see an orc knight, 4 orc warriors, 2 orcs, 4 friendly large
abominations and a friendly ogre zombie.

Vanquished Creatures
  Josephine (D:10)
  Joseph (D:7)
  2 orc knights (D:9)
  Maurice (D:10)
  Psyche (D:9)
  Prince Ribbit (D:7)
  A griffon zombie (D:10)
  A hippogriff (D:9)
  Grum (D:11)
  A merfolk (D:7)
  2 wolves (D:11)
  Edmund (D:5)
  3 sky beasts
  A yellow wasp (D:8)
  A phantom (D:4)
  10 orc warriors
  5 ogres
  3 centaurs
  Duvessa (D:9)
  10 wargs
  A giant slug (Lair:1)
  3 giant frogs
  3 killer bees (D:10)
  2 wights
  A crimson imp (D:8)
  Dowan (D:9)
  2 big fish (D:7)
  A goliath beetle (D:6)
  4 hounds
  11 orc priests
  Crazy Yiuf (D:3)
  A jelly (D:7)
  3 scorpions
  A water moccasin zombie (D:5)
  An iguana (D:10)
  7 orc wizards
  4 worker ants
  2 hound skeletons
  A mummy (D:8)
  2 gnolls (D:8)
  9 adders
  3 giant centipedes
  2 giant mites
  3 worms
  A scorpion zombie (D:9)
  An adder skeleton (D:4)
  A giant eyeball (D:8)
  6 giant geckos
  73 orcs
  4 ball pythons
  6 giant cockroaches
  15 hobgoblins
  4 jackals
  4 quokkas
  13 bats
  A giant gecko skeleton (D:5)
  3 giant newts
  7 goblins
  14 kobolds
  22 rats
  A plant (D:1)
293 creatures vanquished.

Vanquished Creatures (collateral kills)
  An ettin (Orc:4)
  Erolcha (D:10)
  An unseen horror (D:10)
  An orc sorcerer (D:9)
  6 reindeers (D:10)
  2 hippogriffs
  The ghost of Ololoev the Charlatan, an average DDFi (D:4)
  Eustachio (D:9)
  2 manticores
  A necrophage (D:10)
  12 orc warriors
  An ice beast (D:8)
  A sky beast (D:10)
  3 ogres
  6 centaurs
  10 wargs
  3 giant frogs
  A gnoll sergeant (D:8)
  9 wights
  3 killer bees (D:10)
  2 goliath beetles (D:9)
  3 crimson imps
  4 orc priests
  A jelly (D:10)
  2 hounds
  A giant frog skeleton (D:10)
  An iguana (D:6)
  9 orc wizards
  2 scorpions
  A yellow wasp simulacrum (D:10)
  64 orcs
  A hound skeleton (D:10)
  3 gnolls (D:8)
  A green rat (D:9)
  3 giant centipedes
  A worm (D:5)
  2 giant mites
  An ufetubus (D:9)
  An adder skeleton (D:8)
  3 giant cockroaches
  3 hobgoblins
  2 goblins
  A goblin skeleton (D:4)
  A kobold (D:8)
  An orc zombie (D:10)
  A rat (D:5)
  A butterfly (D:6)
  A plant (D:10)
183 creatures vanquished.

Vanquished Creatures (others)
  A small abomination (D:11)
  A hill giant zombie (D:10)
  A cyclops zombie (D:9)
  3 troll zombies (D:9)
  A reindeer zombie (D:9)
  2 centaur zombies
  2 giant frog zombies
  A yellow wasp zombie (D:9)
  2 orc wizards
  A warg skeleton (D:9)
  6 killer bee zombies
  2 ogre zombies
  2 hound zombies (D:8)
  A worker ant zombie (D:8)
  A goliath beetle zombie (D:6)
  2 adder zombies
  4 giant centipede zombies
  An adder skeleton (D:2)
  An iguana zombie (D:9)
  A scorpion zombie (D:9)
  3 orcs
  A bat skeleton (D:4)
  A ball python zombie (D:4)
  4 giant cockroach zombies
  A giant gecko zombie (D:2)
  A giant newt skeleton (D:5)
  A giant newt zombie (D:9)
  A giant spore (D:11)
  2 goblin zombies
  3 hobgoblin zombies
  2 jackal zombies (D:8)
  3 kobold zombies
  3 orc skeletons
  20 orc zombies
  2 quokka zombies
  3 rat zombies
87 creatures vanquished.

Grand Total: 563 creatures vanquished

Notes
Turn   | Place    | Note
--------------------------------------------------------------
     0 | D:1      | Ololoev, the Demonspawn Necromancer, began the quest for the Orb.
     0 | D:1      | Reached XP level 1. HP: 13/13 MP: 3/3
   748 | D:1      | Gained mutation: You can tolerate rotten meat. [demonic ancestry]
   748 | D:1      | Reached XP level 2. HP: 14/19 MP: 0/4
  1384 | D:2      | Gained mutation: You can steal the life force of nearby defeated enemies. [demonic ancestry]
  1384 | D:2      | Reached XP level 3. HP: 20/24 MP: 3/6
  1402 | D:2      | Reached skill level 5 in Necromancy
  1779 | D:2      | Reached XP level 4. HP: 30/30 MP: 7/9
  1785 | D:2      | Learned a level 4 spell: Animate Dead
  2361 | D:2      | Noticed Crazy Yiuf
  2688 | D:3      | Killed Crazy Yiuf
  2688 | D:3      | Reached skill level 6 in Necromancy
  2688 | D:3      | Reached XP level 5. HP: 26/35 MP: 3/11
  3083 | D:3      | Learned a level 3 spell: Vampiric Draining
  3609 | D:4      | Reached skill level 7 in Necromancy
  3615 | D:4      | Gained mutation: You have large cloven feet. [demonic ancestry]
  3615 | D:4      | Reached XP level 6. HP: 38/41 MP: 4/13
  3731 | D:4      | Noticed Ololoev's ghost (average DDFi)
  4134 | D:4      | Noticed an ogre
  4141 | D:4      | Killed an ogre
  4141 | D:4      | Reached skill level 8 in Necromancy
  4283 | D:4      | Noticed an ogre
  4294 | D:4      | Killed an ogre
  4301 | D:4      | Noticed a phantom
  4312 | D:4      | Killed a phantom
  4312 | D:4      | Reached XP level 7. HP: 37/46 MP: 3/15
  4538 | D:4      | Killed Ololoev's ghost
  5031 | D:5      | Entered Level 5 of the Dungeon
  5287 | D:5      | Found a shattered altar of Ashenzari.
  5315 | D:5      | Reached skill level 9 in Necromancy
  5596 | D:5      | Noticed Edmund
  5607 | D:5      | Killed Edmund
  5607 | D:5      | Reached skill level 5 in Spellcasting
  5715 | D:5      | Reached XP level 8. HP: 49/52 MP: 3/20
  6506 | D:6      | Found a staircase to the Ecumenical Temple.
  6521 | Temple   | Entered the Ecumenical Temple
  6537 | Temple   | Became a worshipper of Kikubaaqudgha
  6594 | D:6      | Found a basalt altar of Yredelemnul.
  6599 | D:6      | Found an iron altar of Okawaru.
  7331 | D:7      | Found an ancient bone altar of Kikubaaqudgha.
  7341 | D:7      | Noticed Joseph
  7363 | D:7      | Killed Joseph
  7363 | D:7      | Reached skill level 10 in Necromancy
  7512 | D:7      | Noticed Prince Ribbit
  7531 | D:7      | Killed Prince Ribbit
  7707 | D:7      | Acquired Kikubaaqudgha's first power
  7707 | D:7      | Received a gift from Kikubaaqudgha
  7708 | D:7      | Identified Kikubaaqudgha's Collected Works on Evil (Kikubaaqudgha gifted it to you on level 7 of the Dungeon)
  7712 | D:7      | Learned a level 2 spell: Sublimation of Blood
  7812 | D:7      | Gained mutation: You are surrounded by a mild repulsion field (EV +2). [demonic ancestry]
  7812 | D:7      | Reached XP level 9. HP: 51/57 MP: 16/24
  7862 | D:7      | Reached skill level 11 in Necromancy
  8085 | D:7      | Found a shimmering altar of Xom.
  8606 | D:8      | Paralysed by a yellow wasp for 2 turns
  8833 | D:8      | Got a dazzling shield
  8884 | D:8      | Identified the cursed -5 shield of the Kangaroo {Dex-3 Int+3} (You found it on level 8 of the Dungeon)
  8971 | D:8      | Gained mutation: You have a slow metabolism. [potion of mutation]
  8971 | D:8      | Gained mutation: You can spit poison. [potion of mutation]
  8971 | D:8      | Gained mutation: You can translocate small distances at will. [potion of mutation]
  9132 | D:8      | Paralysed by a giant eyeball for 2 turns
  9261 | D:9      | Noticed Duvessa
  9273 | D:9      | Killed Duvessa
  9309 | D:9      | Noticed Dowan
  9315 | D:9      | Noticed Psyche
  9315 | D:9      | Noticed Eustachio
  9318 | D:9      | Killed Dowan
  9340 | D:9      | Killed Psyche
  9340 | D:9      | Reached skill level 12 in Necromancy
  9803 | D:9      | Killed Eustachio
  9859 | D:9      | Found Noicwich's Magic Scroll Shoppe.
  9868 | D:9      | Reached skill level 1 in Shields
  9868 | D:9      | Gained mutation: You emit a foul stench, and are resistant to rotting and decay. [demonic ancestry]
  9868 | D:9      | Reached XP level 10. HP: 57/63 MP: 21/27
  9885 | D:9      | Bought a scroll of enchant weapon II for 71 gold pieces
  9885 | D:9      | Bought a scroll of amnesia for 71 gold pieces
  9885 | D:9      | Bought a scroll of enchant weapon I for 71 gold pieces
  9983 | D:9      | Noticed an orc sorcerer
 10004 | D:9      | Killed an orc sorcerer
 10012 | D:9      | Noticed an orc knight
 10022 | D:9      | Killed an orc knight
 10022 | D:9      | Reached skill level 13 in Necromancy
 10090 | D:9      | Noticed an orc knight
 10100 | D:9      | Killed an orc knight
 10103 | D:9      | Acquired Kikubaaqudgha's second power
 10553 | D:9      | Reached skill level 14 in Necromancy
 10850 | D:10     | Entered Level 10 of the Dungeon
 11323 | D:10     | Noticed Josephine
 11336 | D:10     | Killed Josephine
 11458 | D:10     | Found Nasaph's Distillery.
 11468 | D:10     | Bought a potion of poison for 14 gold pieces
 11516 | D:10     | Found a radiant altar of Vehumet.
 11688 | D:10     | Found a staircase to the Lair.
 11712 | Lair:1   | Entered Level 1 of the Lair of Beasts
 11832 | D:10     | Noticed Erolcha
 11840 | D:10     | Killed Erolcha
 11840 | D:10     | Reached skill level 15 in Necromancy
 11845 | D:10     | Gained mutation: You have hoof-like feet. [demonic ancestry]
 11845 | D:10     | Reached XP level 11. HP: 61/68 MP: 24/28
 12135 | D:10     | Noticed an unseen horror
 12145 | D:10     | Killed an unseen horror
 12226 | D:10     | Noticed Maurice
 12361 | D:10     | Killed Maurice
 12449 | D:11     | Received a gift from Kikubaaqudgha
 12450 | D:11     | Identified Kikubaaqudgha's Papyrus of Stolen Souls (Kikubaaqudgha gifted it to you on level 11 of the Dungeon)
 12457 | D:11     | Learned a level 5 spell: Dispel Undead
 12585 | D:11     | Found a staircase to the Orcish Mines.
 12598 | D:11     | Learned a level 5 spell: Twisted Resurrection
 12729 | D:11     | Noticed Grum
 12751 | D:11     | Killed Grum
 12872 | D:11     | Noticed a large abomination
 12891 | Orc:1    | Entered Level 1 of the Orcish Mines
 13046 | Orc:1    | Reached skill level 16 in Necromancy
 13054 | Orc:1    | Noticed a large abomination
 13166 | Orc:1    | Noticed a large abomination
 13365 | Orc:1    | Noticed a large abomination
 13763 | Orc:2    | Acquired Kikubaaqudgha's third power
 13817 | Orc:2    | Noticed a large abomination
 14035 | Orc:4    | Entered Level 4 of the Orcish Mines
 14371 | Orc:4    | Learned a level 3 spell: Regeneration
 14400 | Orc:4    | Noticed an ettin
 14406 | Orc:4    | Killed an ettin
 14456 | Orc:4    | Found a staircase to the Elven Halls.
 14647 | Orc:4    | Reached skill level 10 in Spellcasting
 14654 | Orc:4    | Shot with a bolt by an orc knight

Action                   |  1- 3 |  4- 6 |  7- 9 | 10-12 || total
-------------------------+-------+-------+-------+-------++-------
Melee: Unarmed           |   251 |       |     3 |       ||   254
       Spear             |     1 |       |       |       ||     1
       Hammer            |       |     4 |       |       ||     4
       Quarterstaff      |       |     9 |     5 |       ||    14
       Trident           |       |       |   150 |   238 ||   388
 Cast: Pain              |    61 |   101 |   222 |   229 ||   613
       Animate Dead      |       |    12 |    37 |    20 ||    69
       Vampiric Draining |       |       |    25 |    64 ||    89
       Sublimation of Bl |       |       |    11 |    29 ||    40
       Twisted Resurrect |       |       |       |    22 ||    22
       Regeneration      |       |       |       |     1 ||     1
Invok: Receive Corpses   |       |       |     8 |     4 ||    12
 Abil: Spit Poison       |       |       |     1 |       ||     1
Evoke: Wand              |       |       |     1 |     1 ||     2
  Use: Potion            |       |     1 |     3 |     1 ||     5
       Scroll            |       |     8 |     5 |     8 ||    21
 Stab: Distracted        |       |     1 |     1 |       ||     2
       Sleeping          |       |       |     1 |     2 ||     3
